Map: Newkirk Precinct TE (Void)

Players

Loken - Winner!

  • Race: Protoss Protoss
  • League: Platinum
  • Spawn Location: 5:00

Pelden

  • Race: Zerg Zerg
  • Spawn Location: 7:00

VOD

Have the link to the VOD?

Description

Time

  • Played on: April 7, 2017, 5:17 p.m.
  • Length: 11:26
Show
View Real Time Build Order
Export as new Build Order

Loken Protoss - Winner!

Build Orders: 1 Gate Expand 

Get SALT Encoding   

  12  0:01  Probe (Chrono Boost)  
  13  0:12  Probe (Chrono Boost)  
  14  0:23  Probe (Chrono Boost)  
  14  0:25  Pylon  
  15  0:44  Gateway, Probe (Chrono Boost)  
  16  0:53  Assimilator  
  16  0:54  Probe (Chrono Boost)  
  17  1:05  Probe (Chrono Boost)  
  18  1:15  Probe (Chrono Boost)  
  19  1:19  Pylon  
  19  1:26  Probe (Chrono Boost)  
  20  1:36  Nexus  
  20  1:46  Cybernetics Core  
  20  1:51  Zealot  
  22  1:55  Probe (Chrono Boost)  
  23  2:03  Assimilator  
  23  2:05  Probe (Chrono Boost)  
  24  2:14  Gateway  
  24  2:23  Mothership Core (Chrono Boost)  
  26  2:30  Warp Gate  
  26  2:42  Probe (Chrono Boost)  
  26  2:43  Stalker  
  29  2:48  Pylon  
  29  2:50  Probe (Chrono Boost)  
  30  2:53  Probe (Chrono Boost)  
  31  3:00  Probe (Chrono Boost)  
  31  3:03  Pylon  
  31  3:04  Probe (Chrono Boost)  
  33  3:11  Probe (Chrono Boost)  
  34  3:14  Sentry, Probe (Chrono Boost)  
  37  3:23  Probe (Chrono Boost)  
  37  3:25  Probe (Chrono Boost)  
  39  3:30  Twilight Council  
  40  3:34  Probe (Chrono Boost)  
  40  3:39  Robotics Facility  
  40  3:42  Probe (Chrono Boost)  
  40  3:44  Probe (Chrono Boost)  
  42  3:53  Probe (Chrono Boost)  
  42  3:55  Probe (Chrono Boost)  
  44  4:01  Zealot x2  
  48  4:14  Dark Shrine  
  48  4:16  Probe (Chrono Boost)  
  49  4:18  Probe (Chrono Boost)  
  49  4:20  Assimilator  
  50  4:24  Assimilator  
  50  4:27  Probe (Chrono Boost)  
  50  4:28  Probe (Chrono Boost)  
  50  4:29  Pylon  
  52  4:36  Gateway  
  52  4:38  Warp Prism  
  54  4:39  Gateway  
  54  4:43  Probe (Chrono Boost)  
  55  4:50  Probe (Chrono Boost)  
  56  4:53  Zealot  
  56  4:54  Zealot, Probe (Chrono Boost)  
  61  5:00  Pylon  
  61  5:01  Probe (Chrono Boost)  
  62  5:09  Blink  
  62  5:19  Zealot x2  
  66  6:00  Dark Templar x2  
  66  6:01  Dark Templar x2  
  66  6:34  Zealot  
  66  6:35  Zealot x3  
  66  6:49  Immortal  
  66  6:50  Probe (Chrono Boost)  
  66  6:51  Probe (Chrono Boost)  
  71  7:01  Probe (Chrono Boost)  
  71  7:02  Probe (Chrono Boost)  
  71  7:04  Gateway x2  
  71  7:07  Gateway  
  70  7:10  Gateway  
  70  7:11  Dark Templar  
  70  7:12  Gateway, Dark Templar x3  
  78  7:19  Gateway  
  74  7:45  Dark Templar x2  
  78  8:05  Charge  
  70  8:31  Dark Templar x4  
  78  8:40  Pylon  
  74  8:41  Pylon  
  74  8:43  Pylon  
  74  8:45  Pylon  
  74  8:46  Pylon  
  74  8:48  Pylon  
  74  8:50  Pylon  
  74  9:10  Nexus  
  74  9:13  Dark Templar x2  
  74  9:14  Dark Templar x5  
  88  9:23  Nexus  
  74  9:59  Observer  
  75  10:01  Zealot x2  
  75  10:02  Zealot x7  
  93  10:20  Observer  
  94  10:27  Dark Templar x3  
  94  10:28  Dark Templar x2  
  104  10:44  Probe (Chrono Boost)  
  104  10:47  Probe x3 (Chrono Boost)  
  108  10:55  Probe (Chrono Boost)  
  109  10:57  Probe x2 (Chrono Boost)  
  109  10:58  Probe (Chrono Boost)  
  109  11:02  Pylon  
  112  11:06  Probe (Chrono Boost)  
  112  11:08  Probe x3 (Chrono Boost)  
  116  11:16  Probe (Chrono Boost)  
Show
View Real Time Build Order
Export as new Build Order

Pelden Zerg 

Build Orders: Hatch First 

Get SALT Encoding   

  12  0:01  Drone  
  13  0:13  Overlord  
  13  0:19  Drone  
  14  0:31  Drone x2  
  16  0:39  Drone  
  17  0:55  Hatchery  
  16  0:57  Drone  
  16  1:00  Drone  
  18  1:14  Spawning Pool  
  18  1:16  Drone  
  18  1:26  Drone, Extractor  
  18  1:29  Drone  
  19  1:39  Overlord  
  19  1:53  Drone  
  20  2:00  Queen  
  22  2:03  Drone  
  22  2:07  Queen  
  25  2:08  Drone  
  25  2:11  Drone  
  27  2:18  Drone  
  28  2:23  Drone  
  29  2:32  Drone  
  29  2:34  Drone  
  31  2:38  Extractor  
  30  2:52  Zergling x2  
  31  2:58  Hatchery  
  31  3:05  Metabolic Boost  
  30  3:06  Overlord x2  
  30  3:12  Zergling x2  
  31  3:13  Zergling x4  
  33  3:22  Zergling x2  
  34  3:28  Spore Crawler  
  34  3:29  Drone x3  
  34  3:33  Drone x3, Spore Crawler  
  34  3:34  Drone  
  39  3:42  Drone x2  
  41  3:50  Queen  
  41  3:52  Overlord  
  43  4:05  Extractor  
  43  4:07  Lair  
  42  4:10  Zergling x6  
  42  4:13  Drone  
  46  4:17  Drone x2  
  46  4:18  Drone  
  46  4:24  Zergling x2  
  50  4:33  Zergling x2  
  50  4:34  Zergling x10  
  56  4:43  Drone  
  57  4:50  Drone x2  
  59  5:03  Drone x2  
  61  5:07  Drone x3  
  61  5:08  Hydralisk Den  
  61  5:09  Drone  
  61  5:14  Overseer  
  64  5:15  Drone x2  
  64  5:20  Overlord  
  62  5:52  Drone x2, Extractor  
  62  5:53  Lurker Den  
  62  5:59  Zergling x4  
  62  6:00  Zergling x2  
  63  6:16  Zergling x2  
  42  6:46  Zergling x6  
  34  6:50  Drone x4  
  33  6:58  Drone x5  
  33  6:59  Drone x2  
  35  7:10  Zergling x6  
  26  7:27  Spine Crawler  
  22  7:31  Spore Crawler  
  22  7:36  Zergling x2  
  22  7:37  Zergling x2  
  20  7:39  Zergling x2  
  20  7:40  Zergling x4  
  20  7:41  Zergling x4  
  20  7:42  Zergling x6  
  29  7:45  Spine Crawler  
  29  7:49  Zergling x2  
  29  7:50  Zergling x4  
  22  8:19  Hydralisk x2  
  21  8:20  Hydralisk x3  
  31  8:34  Extractor  
  30  8:50  Lurker  
  30  8:52  Lurker  
  32  9:00  Lurker  
  32  9:02  Zergling x6  
  9  9:54  Drone x4  
  9  9:55  Drone  
  14  10:13  Hatchery  
  13  10:33  Hatchery  
  12  10:40  Hatchery  
  11  10:49  Hatchery  
Tags
 
Add a new tag
Caveats
  • Supply blocks, unpowered buildings, or Contaminate may cause inaccurate times.
  • Supply counts are checked every 10 seconds.